AoeStats
← 大王同学

Four Lakes

503558773Analyzed
4v4 RM · 1mo ago on Sep 1, 2026· 25m 14s· 8 players
Game mode
Random Map
Map size
Large (8 player)
Population
200
Speed
Normal
Resources
Standard
Victory
Conquest
Starting age
Dark Age
Ending age
Imperial Age
RankedLock teamsTeams togetherTeam positionsShared explorationLock speedFull tech treeHidden civsTurbo modeCheats
Victory
Defeat
🇨🇳 Georgians · China
1507
+8
🇨🇳 Khmer · China
1408
+12
🇬🇧 Japanese · United Kingdom
1295
+17
🇷🇺 Vikings · Russia
1270
+18
🇨🇳 Poles · China
1374
-16
🇨🇳 Dravidians · China
1326
-14
🇨🇳 Franks · China
1272
-12
🇭🇰 Persians · Hong Kong SAR China
1262
-11
卫星点灯
11:29 Feudal Age
12:42 Double-Bit Axe
12:53 Loom
14:03 Fishing Lines
15:39 Wheelbarrow
15:28 Bloodlines
16:58 Forging
25:52 Castle Age
一梦千年
10:10 Loom
12:52 Feudal Age
14:09 Double-Bit Axe
19:30 Castle Age
17:58 Fishing Lines
18:51 Scale Barding Armor
21:40 Forging
21:58 Bow Saw
蔡鳥
6:08 Loom
6:23 Loom
9:19 Feudal Age
10:08 Double-Bit Axe
20:42 Gold Mining
21:08 Fletching
大王同学
8:52 Loom
12:42 Feudal Age
15:32 Fishing Lines
26:24 Castle Age
roggan
7:57 Loom
10:15 Feudal Age
10:57 Double-Bit Axe
11:00 Fishing Lines
14:47 Forging
15:41 Scale Barding Armor
21:23 Castle Age
19:20 Gold Mining
19:53 Bloodlines
22:11 Husbandry
22:33 Chain Barding Armor
22:48 Iron Casting
boomer2000
4:52 Loom
11:42 Feudal Age
13:46 Double-Bit Axe
20:01 Fishing Lines
24:52 Castle Age
23:02 Fletching
25:03 Gold Mining
25:06 Crossbowman
gytisrepsys
5:12 Loom
11:09 Feudal Age
11:39 Double-Bit Axe
14:49 Fletching
21:23 Castle Age
19:35 Gold Mining
20:54 Wheelbarrow
21:28 Crossbowman
22:06 Bodkin Arrow
24:27 Bow Saw
爱睡觉的鳄鱼
6:26 Loom
9:07 Feudal Age
9:42 Double-Bit Axe
11:58 Scale Barding Armor
14:09 Horse Collar
15:01 Fishing Lines
16:23 Bloodlines
21:48 Castle Age
20:07 Stone Mining
20:09 Gold Mining
20:42 Forging
21:53 Light Cavalry
22:54 Chain Barding Armor
23:48 Husbandry
Connection lost

Rejoining the realm…

Still unreachable

The connection could not be restored.

Session expired

The server has moved on; the page needs a fresh start.